 Dungeon Crawl Stone Soup version 0.30.1-1-g62c8e00024 (webtiles) character file.

Game seed: 2687982199112144430

18030 Ijustatesigmund the Timeless (level 12, -8/79 HPs)
             Began as an Octopode Artificer on July 14, 2023.
             Was a High Priest of Cheibriados.
             Mangled by a skeletal warrior
             ... wielding a +0 short sword
              (25 damage)
             ... on level 13 of the Dungeon.
             The game lasted 00:35:37 (18398 turns).

Ijustatesigmund the Timeless (Octopode Artificer)  Turns: 18398, Time: 00:35:38

Health: -8/79      AC:  1    Str: 23    XL:     12   Next: 54%
Magic:  23/23      EV: 24    Int: 31    God:    Cheibriados [*****.]
Gold:   84         SH:  8    Dex: 24    Spells: 16/26 levels left

rFire   . . .        j - +4 spear
rCold   + . .        z - +1 buckler
rNeg    . . .        (helmet restricted)
rPois   +            (no amulet)
rElec   .            f - +5 ring of evasion
rCorr   .            n - +4 ring of slaying
SInv    .            w - ring of poison resistance
Will    .....        A - ring of protection from cold
Stlth   +++          o - +5 ring of evasion
HPRegen 0.33/turn    r - ring of wizardry
MPRegen 0.18/turn    (no ring)
                     (no ring)

%: wizardry (x1)
@: very slow
A: almost no armour, amphibious, 8 rings, camouflage 1, gelatinous body 1,
(nimble swimmer 1), tentacles
a: Renounce Religion, Bend Time, Temporal Distortion, Slouch, Step From Time


You were on level 13 of the Dungeon.
You worshipped Cheibriados.
Cheibriados was extremely pleased with you.
You visited 3 branches of the dungeon, and saw 16 of its levels.

You collected 876 gold pieces.
You spent 792 gold pieces at shops.

Inventory:

Hand Weapons
 a - a +0 vampiric trident
 j - a +4 spear (weapon)
Missiles
 C - 3 throwing nets
Armour
 z - a +1 buckler (worn)
Jewellery
 f - a +5 ring of evasion (left tentacle)
 n - a +4 ring of slaying (right tentacle)
 o - a +5 ring of evasion (on tentacle)
 r - a ring of wizardry (on tentacle)
 s - a ring of flight
 w - a ring of poison resistance (on tentacle)
 A - a ring of protection from cold (on tentacle)
Wands
 b - a wand of flame (40) (quivered)
 c - a wand of charming (10)
 d - a wand of iceblast (12)
 I - a wand of polymorph (14)
Scrolls
 h - 3 scrolls of identify
 p - 4 scrolls of teleportation
 q - a scroll of fog
 u - 4 scrolls of magic mapping
 x - a scroll of poison
 y - a scroll of blinking
Potions
 e - 8 potions of curing
 g - a potion of attraction
 i - a potion of lignification
 k - 2 potions of might
 l - a potion of invisibility
 m - a potion of flight
 t - a potion of cancellation
 v - a potion of haste {unknown}
 B - a potion of magic {unknown}
 H - 2 potions of brilliance


   Skills:
 - Level 6.1 Fighting
 - Level 4.5 Polearms
 - Level 2.3 Dodging
 - Level 1.3 Stealth
 - Level 5.5 Shields
 + Level 7.7 Spellcasting
 + Level 7.3 Conjurations
 + Level 3.6 Transmutations
 + Level 8.8 Poison Magic
 + Level 11.6 Invocations
 - Level 5.5 Evocations


You had 16 spell levels left.
You knew the following spells:

 Your Spells              Type           Power      Damage    Failure   Level
a - Magic Dart            Conj           100%       1d8       1%          1
b - Searing Ray           Conj           100%       2d8       1%          2
c - Olgreb's Toxic Radia  Pois           61%        N/A       1%          4
d - Ignite Poison         Fire/Tmut/Pois 37%        N/A       1%          3

Your spell library contained the following spells:

 Spells                   Type           Power      Damage    Failure   Level
 Apportation              Tloc           22%        N/A       1%          1
 Beastly Appendage        Tmut           68%        N/A       1%          1
 Slow                     Hex            44%        N/A       1%          1
 Sting                    Tmut/Pois      100%       1d8       1%          1
 Cigotuvi's Dreadful Rot  Necr/Pois/Air  60%        N/A       1%          2
 Poisonous Vapours        Pois/Air       78%        N/A       1%          2
 Wereblood                Tmut           34%        N/A       1%          2
 Spider Form              Tmut/Pois      50%        N/A       1%          3
 Lesser Beckoning         Tloc           22%        N/A       3%          2
 Fulminant Prism          Conj/Hex       17%        3d10      4%          4
 Sticky Flame             Conj/Fire      34%        2d5       4%          4
 Alistair's Intoxication  Tmut/Pois      33%        N/A       4%          5
 Confusing Touch          Hex            11%        N/A       6%          3
 Gell's Gravitas          Tloc           11%        N/A       6%          3
 Teleport Other           Tloc           11%        N/A       6%          3
 Vampiric Draining        Necr           11%        2d6       6%          3
 Freezing Cloud           Conj/Ice/Air   13%        6-21      21%         5
 Ignition                 Fire           5%         3d4       100%        8


Dungeon Overview and Level Annotations

Branches:
Dungeon (13/15)            Temple (1/1) D:4            Lair (2/5) D:10
    Orc (0/2) D:11
  Swamp: Lair:2-3    Shoals: Lair:2-3     Snake: Lair:2-3    Spider: Lair:2-3
 Vaults: D:13-14

Altars:
Ashenzari
Cheibriados
Dithmenos
Elyvilon
Fedhas
Gozag
Hepliaklqana
Kikubaaqudgha
Makhleb
Nemelex Xobeh
Okawaru
Qazlal
Ru
Sif Muna
Trog
Uskayaw
Vehumet
Wu Jian
Xom
Yredelemnul
Zin
The Shining One

Shops:
D:4 (   D:8 :   D:11 :=*

Portals:
Trove: D:12 (give 8 scrolls of fog)


Innate Abilities, Weirdness & Mutations

You cannot wear most types of armour.
You are amphibious.
You can wear up to eight rings at the same time.
Your skin changes colour to match your surroundings (Stealth+).
Your rubbery body absorbs attacks. (AC +1, EV +1)
((You are camouflaged when in or above water. (Stealth+)))
You have tentacles for arms and can constrict up to eight enemies at once.


Message History

Cheibriados appreciates the change of pace.
Reactivating autopickup.
You feel a bit more experienced.
You start resting.
You feel a little less mighty now.
You start resting.
HP restored.
You start waiting.
Done waiting.
There is a stone staircase leading down, spattered with blood here.
You climb downwards.
There is a stone staircase leading up here.
Found a stone staircase leading up and a stone staircase leading down.
h - 3 scrolls of identify (gained 1)
y - a scroll of blinking
B - a green potion
Found an escape hatch in the ceiling.
Found a stone staircase leading up.
A centaur comes into view.
Found a helmet.
A skeletal warrior comes into view. It is wielding a +0 short sword.
The centaur shouts!
A skeletal warrior comes into view. It is wielding a +0 halberd.
The centaur wields a +0 shortbow.
The centaur shoots an arrow.
The arrow hits you!
Unknown command.
The centaur shoots an arrow.
The arrow misses you.
A skeletal warrior comes into view. It is wielding a +0 war axe.
The centaur shoots an arrow.
The arrow hits you!
The centaur shoots an arrow.
The arrow misses you.
The centaur shoots an arrow.
You block the arrow.
The centaur shoots an arrow.
You block the arrow.
You block the skeletal warrior's attack.
The skeletal warrior attacks as you move away!
You block the skeletal warrior's attack.
The skeletal warrior hits you from afar with a +0 halberd!!
The centaur shoots an arrow.
The arrow closely misses you.
The centaur shoots an arrow.
The arrow hits you!
* * * LOW HITPOINT WARNING * * *
The skeletal warrior hits you with a +0 short sword!!
You die...

.. ..... .......$.......
..#.... .....#..#........
.#.#.###....#..#.##.##..
..... .....#........... #.
#.#.# #...>#..#.##.##..
....#.#.###...##zc#....#
#(....<..##...##..#.##.##.
#.###.#..##...##.z#.#.....
...#.........@..........
######.##...............#
#.##.####<..........
...... .............
##.##.#####.#######.#
#.##.# #.. . #.##.# #.##
..##.# #.# #.


You could see 2 skeletal warriors and a centaur.

Vanquished Creatures
  A centaur warrior (D:12)
  A manticore (D:12)
  An ugly thing (D:11)
  4 cyclopes
  A gargoyle (D:11)
  A cane toad (Lair:1)
  A kobold demonologist (D:12)
  2 komodo dragons (Lair:1)
  3 trolls
  2 hornets
  A polar bear (Lair:1)
  A shadow (D:11)
  3 wraiths
  2 vampires (D:12)
  A wyvern (D:9)
  28 yaks
  6 humans (D:8)
  2 steam dragons
  A vampire mosquito (D:5)
  2 acid dragons
  2 water moccasins
  5 orc warriors
  5 ogres (D:11)
  An ice beast (D:8)
  4 centaurs
  3 phantoms
  9 kobold brigands
  5 bullfrogs
  4 scorpions
  2 gnoll sergeants
  11 wights
  5 killer bees
  14 howler monkeys
  A jelly (D:6)
  9 orc priests
  3 hounds
  Terence (D:2)
  4 iguanas
  Ijyb (D:8)
  15 orc wizards
  5 gnolls
  9 adders
  A shadow imp (D:6)
  A white imp (D:8)
  2 worms
  A dart slug (D:1)
  35 orcs
  6 endoplasms
  A giant cockroach (D:4)
  3 hobgoblins
  12 jackals
  3 quokkas
  6 ball pythons
  5 bats
  A frilled lizard (D:3)
  11 goblins
  20 kobolds
  7 rats
297 creatures vanquished.

Vanquished Creatures (collateral kills)
  2 yaks (D:8)
  A sky beast (D:8)
  A centaur (D:6)
  A scorpion (D:6)
  A howler monkey (D:6)
  An orc priest (D:8)
  2 gnolls (D:5)
  An orc (D:6)
10 creatures vanquished.

Vanquished Creatures (others)
  A yak (D:8)
  A human (D:8)
  A black bear (D:6)
  A killer bee (D:7)
  An orc priest (D:7)
  A gnoll (D:5)
  An adder (D:6)
7 creatures vanquished.

Grand Total: 314 creatures vanquished

Notes
Turn   | Place    | Note
-------+----------+-------------------------------------------
     0 | D:1      | Ijustatesigmund the Octopode Artificer began the quest for
                  | the Orb.
     0 | D:1      | Reached XP level 1. HP: 13/13 MP: 1/1
   110 | D:1      | Reached XP level 2. HP: 8/19 MP: 2/2
   619 | D:2      | Reached XP level 3. HP: 25/25 MP: 3/3
   664 | D:2      | Noticed Terence
   677 | D:2      | Killed Terence
   903 | D:2      | Reached XP level 4. HP: 29/33 MP: 4/4
  1157 | D:2      | Identified the +5 scale mail "Qaylup" {Dex+3}
  1974 | D:4      | Found Neatam's Weapon Shoppe.
  1981 | D:4      | Reached XP level 5. HP: 32/38 MP: 5/5
  2076 | D:4      | Reached skill level 5 in Fighting
  2322 | D:4      | Found a staircase to the Ecumenical Temple.
  2736 | Temple   | Entered the Ecumenical Temple
  2925 | Temple   | Became a worshipper of Cheibriados the Contemplative
  2978 | D:5      | Entered Level 5 of the Dungeon
  3177 | D:5      | Reached skill level 1 in Invocations
  3177 | D:5      | Reached XP level 6. HP: 38/45 MP: 5/7
  3395 | D:5      | Reached skill level 2 in Invocations
  3831 | D:5      | Found a hide-covered altar of Uskayaw.
  3968 | D:5      | Found a sparkling altar of Nemelex Xobeh.
  3970 | D:5      | Found a hazy altar of Hepliaklqana.
  3970 | D:5      | Found a radiant altar of Vehumet.
  4032 | D:6      | Reached skill level 3 in Invocations
  4052 | D:6      | Reached skill level 1 in Shields
  4052 | D:6      | Reached XP level 7. HP: 46/52 MP: 9/9
  4285 | D:6      | Noticed a vampire mosquito
  4297 | D:6      | Reached * piety under Cheibriados
  4301 | D:6      | Reached skill level 4 in Invocations
  4312 | D:6      | Reached skill level 5 in Invocations
  4312 | D:6      | Reached XP level 8. HP: 40/57 MP: 11/11
  4763 | D:6      | Reached skill level 6 in Invocations
  5279 | D:7      | Reached skill level 5 in Shields
  5323 | D:7      | Learned a level 1 spell: Magic Dart
  5326 | D:7      | Learned a level 2 spell: Searing Ray
  5713 | D:7      | Reached skill level 1 in Spellcasting
  5713 | D:7      | Reached skill level 7 in Invocations
  5742 | D:7      | Reached skill level 1 in Conjurations
  5742 | D:7      | Reached XP level 9. HP: 51/62 MP: 14/14
  5911 | D:7      | Reached ** piety under Cheibriados
  6225 | D:8      | Noticed a hornet
  7266 | D:8      | Found Haxuul's Book Emporium.
  7321 | D:8      | Reached skill level 5 in Evocations
  7324 | D:8      | Reached skill level 8 in Invocations
  7383 | D:8      | Learned a level 4 spell: Olgreb's Toxic Radiance
  7384 | D:8      | Noticed Ijyb
  7389 | D:8      | Killed Ijyb
  7397 | D:8      | Reached skill level 1 in Poison Magic
  7400 | D:8      | Reached XP level 10. HP: 23/68 MP: 16/16
  7847 | D:8      | Reached *** piety under Cheibriados
  7886 | D:8      | Reached skill level 9 in Invocations
  8142 | D:8      | Reached skill level 5 in Spellcasting
  9866 | D:9      | Reached skill level 1 in Polearms
  9873 | D:9      | Reached skill level 5 in Poison Magic
 10123 | D:9      | Reached **** piety under Cheibriados
 10690 | D:9      | Found an opulent altar of Gozag.
 11115 | D:10     | Entered Level 10 of the Dungeon
 11526 | D:10     | Found a staircase to the Lair.
 11563 | D:10     | Reached XP level 11. HP: 55/70 MP: 19/19
 11915 | D:10     | Reached skill level 10 in Invocations
 12182 | D:10     | Reached skill level 5 in Conjurations
 12511 | D:10     | Identified the +1 robe of the Three Wonders {rC+ Will+
                  | Regen+}
 12829 | D:11     | Reached ***** piety under Cheibriados
 13336 | D:11     | Noticed a green ugly thing
 13344 | D:11     | Killed a green ugly thing
 13940 | D:11     | Found Otalyant's Book Shop.
 14158 | D:11     | Found a staircase to the Orcish Mines.
 14162 | D:11     | Noticed a cyclops
 14170 | D:11     | Killed a cyclops
 14548 | D:11     | Found Vutzobor's General Store.
 14548 | D:11     | Found Nunaw's Jewellery Emporium.
 14598 | D:11     | Bought a +5 ring of evasion for 432 gold pieces
 14598 | D:11     | Bought a ring of wizardry for 360 gold pieces
 14604 | D:11     | Learned a level 3 spell: Ignite Poison
 14894 | D:11     | Reached skill level 1 in Transmutations
 15496 | Lair:1   | Entered Level 1 of the Lair of Beasts
 15504 | Lair:1   | You fall into a shaft and drop 1 floor!
 15505 | Lair:2   | Noticed a seven-headed hydra
 15534 | Lair:1   | Reached skill level 11 in Invocations
 15534 | Lair:1   | Reached XP level 12. HP: 79/79 MP: 11/22
 15822 | Lair:1   | Noticed a death yak
 15822 | Lair:1   | Noticed a death yak
 15822 | Lair:1   | Noticed a death yak
 15919 | Lair:1   | HP: 2/79 [cane toad (26)]
 16397 | D:12     | Noticed a centaur warrior
 16402 | D:12     | Killed a centaur warrior
 16972 | D:12     | Found a portal to a secret trove of treasure.
 18398 | D:13     | Mangled by a skeletal warrior

Illustrated notes

Levels and vault maps discovered:
D:1:      onia_arrival_mini_maze_b, layout_rooms, minmay_door_square
D:2:      layout_loops_cross, uniq_terence
D:3:      layout_basic
D:4:      layout_loops_ring, minmay_temple_entry_junction, serial_shops, shop
D:5:      layout_gridville, mainiacjoe_overflow_alcove_3,
          chequers_serial_rivers_small_3
D:6:      cheibrodos_fzero, layout_basic
D:7:      layout_basic
D:8:      erik_cavepeople, layout_basic, serial_shops, nicolae_shop_statue_plus,
          corexii_checkpoint_b
D:9:      layout_basic, mainiacjoe_overflow_tiny_flanked,
          minmay_unpleasant_kobolds
D:10:     argonaut_augean_stables, layout_loops_ring, lair_entry_dummy
D:11:     layout_gridville, kennysheep_orc_monster_closet_entryway,
          serial_shops, nicolae_shop_stone, nicolae_shop_waterfront,
          nicolae_take_the_stairs
D:12:     layout_basic, nicolae_trove_entry_diagonal
D:13:     layout_basic, grunt_vaults_entry_fortified
Temple:   bh_familiar_temple
Lair:1:   layout_hall_layers, lemuel_fruit_tree
Lair:2:   nzn_winding_woodlands_small [nzn_winding_woodlands_5x15_garden,
          nzn_winding_woodlands_center_pierced_h,
          nzn_winding_woodlands_5x15_default], layout_concentric_octagons,
          minmay_shoals_entry_hut, spider_nest_entry_a,
          infiniplex_staircase_pool, lemuel_fruit_fields

Skill      XL: |  1  2  3  4  5  6  7  8  9 10 11 12 |
---------------+-------------------------------------+-----
Fighting       | 2 3 4 5 6 |  6.1
Invocations    | 1 3 5 7 8 9 11 | 11.6
Shields        | 1 3 5 |  5.5
Spellcasting   | 1 4 5 7 |  7.7
Conjurations   | 1 3 4 6 7 |  7.3
Evocations     | 5 |  5.5
Poison Magic   | 2 5 7 8 |  8.8
Polearms       | 2 4 |  4.5
Transmutations | 1 3 |  3.6
Dodging        | |  2.3
Stealth        | |  1.3

Action                     |  1- 3 |  4- 6 |  7- 9 | 10-12 || total
---------------------------+-------+-------+-------+-------++-------
  Melee: Club              |    18 |       |       |       ||    18
         Tentacles         |    13 |    25 |    32 |    65 ||   135
         Constrict         |    11 |    26 |    32 |    38 ||   107
         Punch             |     1 |       |     1 |     3 ||     5
         Falchion          |    10 |       |       |       ||    10
         Dagger            |    26 |   127 |   110 |    39 ||   302
         Trident           |       |       |       |    59 ||    59
         Spear             |       |       |       |   153 ||   153
   Cast: Magic Dart        |       |       |    21 |    46 ||    67
         Searing Ray       |       |       |     3 |     8 ||    11
         Olgreb's Toxic Ra |       |       |       |    65 ||    65
         Ignite Poison     |       |       |       |    18 ||    18
 Invoke: Slouch            |       |       |       |     2 ||     2
  Evoke: Wand              |       |     3 |    35 |    10 ||    48
    Use: Potion            |       |       |     2 |     5 ||     7
         Scroll            |       |       |       |    27 ||    27
   Stab: Sleeping          |     6 |    12 |       |     2 ||    20
         Distracted        |     1 |       |     1 |     2 ||     4
         Invisible         |       |       |       |     2 ||     2
 Armour: Skin              |     4 |    28 |    16 |     7 ||    55
  Dodge: Dodged            |    33 |    82 |    78 |   216 ||   409
  Block: Buckler           |       |     2 |    21 |   109 ||   132
